← All builds
Tech / Armada / Economy first / OBSERVED BUILD

Standard tech

Armada Tech (Eco) build order · Supreme Isthmus

Rushes T2 by 4:15, gets Advanced Metal Extractor around 5:28, hands off T2 constructors to Geo and the team, then scales eco and supplies the team's T2 needs through the rest of the game.

Usually first T2 con to Geo (83%)

#eco #t2 #team support · 1579 distinct matches · 255 players · 58% of Armada Tech games · team won 53% of 1874 · Recently observed

HOW TO PLAY IT

Key timing: T2 factory by 4:15

  1. Open 3 mex and heavy wind to fund a fast T2 rush.
  2. Put down Bot Lab, planning to eat it for reclaim soon after.
  3. Get Advanced Bot Lab up, hitting the T2 factory rush timing.
  4. Upgrade mex to Advanced Metal Extractor to lock in team metal income.
  5. Eat Advanced Bot Lab and keep sending cons to Geo and Pond.

Phase by phase

TYPICAL OF ITS 1579 GAMES
  1. 1
  2. 2
  3. 3
  4. 4
PLAY THE OPENING

Follow the example game's first 6:00 step by step: what to build now, what comes next, and where it goes. At 1× it keeps pace with your own game.

  1. 1

    Up to the Bot Lab

    Economy
    • Metal Extractor3Mex
    • Wind Turbine4Wind
    Order
    1. Bot LabBot Lab after 3 mex, 4 winddone ~1:18, middle half 1:13–1:32

    Some games also: energy storage (31%)

    By 1:01 in all: 3 mex · 4 wind

    The example game in this phase · 5 steps
    1. Mex ×3
    2. Wind ×4
    3. Energy storage
    4. Solar
    5. Bot LabBot Labdone 1:39 · typical 1:18
  2. 2

    Bot Lab to Advanced Bot Lab

    Economy
    • Metal Extractor1Mex
    • Wind Turbine8Wind
    • Energy Storage1Energy storage
    Order
    1. Advanced Bot LabAdvanced Bot Lab after 4 mex, 12 wind, 3 con turretdone ~4:16, middle half 4:04–4:30
    Builders
    • Construction Turret3 Con turret
    • Lazarus3 Lazarus
    • Construction Bot2 Con bot
    • Construction Bot1 Con bot for allies

    Some games also: converter (36%)

    By 3:18 in all: 4 mex · 12 wind · 1 energy storage · 3 con turret

    The example game in this phase · 21 steps
    1. Wind
    2. LazarusLazarus
    3. Wind ×2
    4. LazarusLazarus
    5. Wind
    6. LazarusLazarus
    7. Wind ×2
    8. Construction BotCon bot
    9. Construction BotCon botfor Air
    10. Construction BotCon bot
    11. LazarusLazarus
    12. Wind
    13. Mex
    14. Con turret ×2
    15. Wind ×2
    16. Bot LabEat Bot Labreclaimed for its metal
    17. Wind ×2
    18. Con turret
    19. Wind
    20. Converter
    21. Advanced Bot LabAdvanced Bot Labdone 4:41 · typical 4:16
  3. 3

    Advanced Bot Lab to 5:00

    Economy
    • Wind Turbine3Wind
    Order
    1. Bot LabEat Bot Lab
    Builders
    • Advanced Construction Bot1 T2 con bot for allies

    Some games also: converter (35%)

    By 5:00 in all: 4 mex · 15 wind · 1 converter · 1 energy storage · 3 con turret

    The example game in this phase · 6 steps
    1. Wind
    2. Converter
    3. Wind ×2
    4. Advanced Construction BotT2 con botfor Geo
    5. SharpshooterSniper botfor Ponddone 5:26
    6. Advanced Metal ExtractorT2 mexdone 6:04 · typical 5:29
  4. 4

    5:00 to 10:00

    Economy
    • Wind Turbine43Wind
    • Energy Converter6Converter
    Builders
    • Butler9 Butler
    • Advanced Construction Bot4 T2 con bot for allies
    • Advanced Construction Bot1 T2 con bot

    Some games also: con turret (43%) · Butler for allies (36%)

    By 10:00 in all: 4 mex · 58 wind · 8 converter · 1 energy storage · 3 con turret

    The example game in this phase · 183 steps
    1. Wind ×2
    2. SharpshooterSniper botfor Pond
    3. Wind
    4. Advanced Construction BotT2 con botfor Pond
    5. Wind ×2
    6. Advanced Construction BotT2 con botfor Beach sea
    7. Advanced Metal ExtractorT2 mex ×2
    8. Wind
    9. Advanced Construction BotT2 con botfor Air
    10. Wind
    11. Advanced Metal ExtractorT2 mex
    12. Advanced Construction BotT2 con botfor Geo sea
    13. Wind ×3
    14. Advanced Construction BotT2 con bot
    15. Wind
    16. ButlerButler ×4
    17. Wind
    18. ButlerButler ×3
    19. Wind ×2
    20. ButlerButler
    21. Wind
    22. ButlerButler
    23. Wind ×3
    24. ButlerButler ×2
    25. Wind ×2
    26. ButlerButler
    27. Wind ×7
    28. ButlerButler
    29. Wind ×2
    30. Converter
    31. Wind ×4
    32. Converter
    33. Wind ×5
    34. ButlerButler
    35. Wind ×2
    36. Converter
    37. Wind ×5
    38. Converter
    39. Wind ×3
    40. ButlerButler
    41. Wind ×3
    42. Converter
    43. Wind ×4
    44. Converter
    45. Wind ×6
    46. Converter
    47. Wind
    48. RecluseReclusenot finished by 15:00
    49. UmbrellaAnti-nukedone 11:40
    50. Wind ×5
    51. Converter
    52. Wind ×5
    53. Converter
    54. Wind ×3
    55. Converter
    56. Wind ×2
    57. Converter
    58. Wind ×3
    59. Converter
    60. Wind ×2
    61. Converter
    62. Wind ×3
    63. Converter
    64. Wind ×2
    65. Converter
    66. Wind ×3
    67. Converter
    68. Wind ×3
    69. Converter
    70. Wind
    71. Converter
    72. Wind ×4
    73. Converter
    74. Wind ×3
    75. Converter
    76. Wind ×3
    77. Converter
    78. Wind ×2
    79. Converter
    80. Wind ×3
    81. Con turret
    82. Converter
    83. Wind
    84. Converter
    85. Wind ×2
    86. Fusion ReactorFusiondone 13:10
    87. Wind ×3
    88. Converter
    89. Con turret
    90. Wind
    91. Converter
    92. Wind ×4
    93. Converter
    94. Con turret
    95. Converter
    96. Wind ×5
    97. Metal storage
    98. Converter
    99. Wind
    100. Converter
    101. Wind ×4
    102. Converter
    103. Wind ×3
    104. Converter
    105. Wind ×3
    106. Converter
    107. Wind ×2
    108. Converter
    109. Wind ×4
    110. Converter
    111. Wind ×2
    112. Advanced Bot LabEat Advanced Bot Labreclaimed for its metal
    113. Con turret
    114. Converter
    115. Wind ×4
    116. Con turret
    117. Wind
    118. Converter
    119. Wind ×2
    120. Converter
    121. Con turret
    122. Wind ×2
    123. Con turret
    124. Wind
    125. Converter
    126. Wind
    127. Con turret
    128. Converter
    129. Wind ×3
    130. Con turret
    131. Wind ×2
    132. Converter
    133. Wind
    134. Converter
    135. Wind ×5
    136. Converter
    137. Con turret
    138. Converter
    139. Wind ×2
    140. Con turret
    141. Wind ×3
    142. Con turret
    143. Converter
    144. Con turret
    145. Converter
    146. Wind ×6
    147. Converter ×2
    148. Wind
    149. Fusion ReactorFusion
    150. Wind ×4
    151. T2 converter
    152. Converter
    153. T2 converter
    154. Wind
    155. Converter
    156. Wind ×4
    157. Converter
    158. Wind
    159. Converter
    160. Wind ×6
    161. Converter ×2
    162. Wind ×5
    163. Advanced Fusion ReactorAdvanced Fusion Reactornot finished by 15:00
    164. Converter
    165. Wind
    166. Converter
    167. Wind ×3
    168. Converter ×2
    169. Wind ×7
    170. Converter ×2
    171. Wind ×6
    172. Converter
    173. Wind ×2
    174. Converter
    175. Wind ×3
    176. Converter
    177. Wind
    178. Converter
    179. Wind ×4
    180. Converter
    181. Wind ×3
    182. Converter
    183. Wind ×3

Counts are medians over the build's games: half of them build more, half fewer. The example game is whitetiger2819's (30 OS, 24/09/2026); pick another.

Team trades

IN AT LEAST 30% OF ITS GAMES

You hand over

  • Construction Bot1 Con bot to Airfirst at 2:23 · in 84% of games
  • Advanced Construction Bot5 T2 con bot to Air or Geo sea or Pondfirst at 4:50 · in 99% of games
  • Butler2 Butler to Geo sea or Beach sea or Pondfirst at 9:07 · in 42% of games

You get

  • Hercules1 Light transport from Airfirst at 4:01 · in 86% of games

How it plays out

Typical game of this build, running totals by minute

Metal produced

020k40k
0:005:0010:0015:00

metal

Enemy metal destroyed

050100
0:005:0010:0015:00

metal

Own metal lost

050100150
0:005:0010:0015:00

metal

1874 games.

Show as table
ByMetal produced: This buildEnemy metal destroyed: This buildOwn metal lost: This build
1:0038300
2:0091500
3:00165100
4:00314400
5:00484700
6:00580000
7:00722700
8:00906100
9:001117300
10:001350300
11:001624200
12:001965600
13:002344500
14:0027362073
15:003154285130
WHAT THE NUMBERS SAY

Standard Tech play barely fights at all early, instead pouring metal into T2 infrastructure and constructors for the team.

  • + Metal produced hits 31679 by 15:00, by far the highest of any role here.
  • + T2 factory reached in 97% of games by 4:15, fastest and most reliable T2 timing.
  • − Enemy metal destroyed stays at 0 through 10:00, no early offense at all.
  • − Own metal lost also near 0, showing total avoidance of combat risk.
THE EXAMPLE YOU ARE READING

whitetiger2819

30.2 OS · 24/09/2026

Open source match ↗

1 received units
3257 metal received · 38330 energy received

Allied construction assistance is unknown. Timings are observations, not a promise of solo reproducibility.

Typical milestones

Bot Lab1:18Middle 50%: 1:13–1:32 · n=1874
Advanced Bot Lab4:16Middle 50%: 4:04–4:30 · n=1867
Advanced Metal Extractor5:29Middle 50%: 5:05–5:59 · n=1870

Played most by

Amrissa93games of this buildTheGeneraI66games of this buildAdeus57games of this buildEl_Turco56games of this buildKOT_43games of this build